 Dungeon Crawl Stone Soup version 0.30-a0-311-gf115ab0292 (webtiles) character file.

Game seed: 12177272579135149990

1967353 Lanoc the Conqueror (level 27, 179/179 HPs)
             Began as a Gargoyle Berserker on Oct 25, 2022.
             Was the Champion of Trog.
             Escaped with the Orb
             ... and 3 runes!
             The game lasted 02:15:21 (51427 turns).

Lanoc the Conqueror (Gargoyle Berserker)           Turns: 51427, Time: 02:15:21

Health: 179/179    AC: 72    Str: 29    XL:     27
Magic:  25/25      EV: 24    Int: 15    God:    Trog [******]
Gold:   4208       SH:  0    Dex: 23    Spells: 26/26 levels left

rFire   + + +      SeeInvis .    V - +7 great mace "Firestarter" {inner flame, rF++}
rCold   + + .      Faith    .    (shield currently unavailable)
rNeg    + + .      Spirit   .    l - +12 gold dragon scales
rPois   ∞          Reflect  .    j - +4 hat of Zaqy {rF+ rC+ Regen+ Int+6}
rElec   +          Harm     .    R - +1 cloak "Wozeihia" {rCorr Dex+2}
rCorr   +          Rampage  .    H - +2 pair of gloves {Str+3}
Will    ++++.                    p - +2 pair of boots
Stlth   ..........               M - amulet of regeneration
HPRegen 2.09/turn                n - +4 ring of evasion
MPRegen 0.19/turn                Q - ring of the Vendetta {Drain rN+ Will++ Dex+6 Stlth+}

@: flying
A: sickness immunity, AC +20, big wings, negative energy resistance 1,
electricity resistance, torment resistance 1, petrification resistance, horns 1,
dopey 1, frail 1, high MP 1, sturdy frame 1
0: Orb of Zot
}: 3/15 runes: decaying, silver, gossamer
a: Renounce Religion, Berserk, Trog's Hand, Brothers in Arms


You escaped.
You worshipped Trog.
Trog was exalted by your worship.
You visited 9 branches of the dungeon, and saw 45 of its levels.
You visited the Abyss 1 time.
You visited 1 ziggurat, and saw 10 of its levels.
You also visited: Sewer and Gauntlet.

You collected 6872 gold pieces.
You spent 2664 gold pieces at shops.

Inventory:

Hand Weapons
 i - a +8 vorpal demon whip
 V - the +7 great mace "Firestarter" (weapon) {inner flame, rF++}
   (You acquired it on level 4 of the Swamp)

   It burns those it strikes, dealing additional fire damage.
   It fills those it strikes with an explosive inner flame.
   It grants immunity to clouds of flame.
   rF:        It greatly protects you from fire.
Missiles
 Y - 4 throwing nets (quivered)
Armour
 j - the +4 hat of Zaqy (worn) {rF+ rC+ Regen+ Int+6}
   (You found it on level 2 of the Lair of Beasts)

   Int:       It affects your intelligence (+6).
   rF:        It protects you from fire.
   rC:        It protects you from cold.
   Regen:     It increases your rate of health regeneration.
 l - +12 gold dragon scales (worn)
 p - a +2 pair of boots (worn)
 A - an orb of mayhem
 H - a +2 pair of gloves of strength (worn)
 R - the +1 cloak "Wozeihia" (worn) {rCorr Dex+2}
   (You found it on level 2 of the Lair of Beasts)

   Dex:       It affects your dexterity (+2).
   rCorr:     It protects you from acid and corrosion.
Jewellery
 d - a ring of see invisible
 n - a +4 ring of evasion (left hand)
 F - the ring "Caicvuan" {Drain rCorr Str+6 Int-5 Dex+9}
   (You took it off a yaktaur captain on level 5 of the Vaults)

   [ring of strength]

   Str:       It affects your strength (+6).
   Int:       It affects your intelligence (-5).
   Dex:       It affects your dexterity (+9).
   rCorr:     It protects you from acid and corrosion.
   Drain:     It drains your maximum health when unequipped.
 M - an amulet of regeneration (around neck)
 Q - the ring of the Vendetta (right hand) {Drain rN+ Will++ Dex+6 Stlth+}
   (You bought it in a shop on level 1 of the Orcish Mines)

   [ring of dexterity]

   Dex:       It affects your dexterity (+6).
   rN:        It protects you from negative energy.
   Drain:     It drains your maximum health when unequipped.
   Will:      It greatly increases your willpower.
   Stlth:     It makes you more stealthy.
Wands
 c - a wand of iceblast (45)
 m - a wand of polymorph (40)
 o - a wand of mindburst (34)
 s - a wand of digging (16)
 E - a wand of charming (48)
 K - a wand of flame (128)
 T - a wand of quicksilver (21)
Scrolls
 g - 26 scrolls of teleportation
 r - 6 scrolls of poison
 t - 11 scrolls of fear
 w - 3 scrolls of summoning
 x - a scroll of enchant armour
 y - 9 scrolls of immolation
 z - 12 scrolls of blinking
 D - 9 scrolls of fog
 J - 11 scrolls of magic mapping
 N - 3 scrolls of enchant weapon
 S - 3 scrolls of brand weapon
 Z - 3 scrolls of torment
Potions
 a - 7 potions of magic
 b - 4 potions of lignification
 e - 29 potions of curing
 f - 9 potions of haste
 h - 12 potions of flight
 q - 3 potions of invisibility
 u - 10 potions of attraction
 v - 8 potions of might
 C - 9 potions of heal wounds
 G - 8 potions of resistance
 I - 8 potions of mutation
 O - 5 potions of ambrosia
 X - 3 potions of cancellation
Miscellaneous
 k - a tin of tremorstones (2/2)
 B - a phial of floods
 L - a phantom mirror
 P - a lightning rod (4/4)
 U - a condenser vane
 W - a box of beasts


   Skills:
 O Level 27 Fighting
 - Level 20.0 Maces & Flails
 + Level 23.6 Armour
 + Level 18.7 Dodging
 + Level 20.1 Evocations


You had 26 spell levels left.
You didn't know any spells.
Your spell library was empty.

Dungeon Overview and Level Annotations

Branches:
Dungeon (15/15)            Temple (0/1) D:6            Lair (5/5) D:8
  Swamp (4/4) Lair:3       Spider (4/4) Lair:2        Slime (0/5) Lair:5
    Orc (2/2) D:9             Elf (1/3) Orc:2        Vaults (5/5) D:14
  Crypt (0/3) Vaults:3     Depths (4/4) D:15            Zot (5/5) Depths:4
  Sewer (visited)         Gauntlet (visited)

Altars:
Fedhas
Gozag
Hepliaklqana
Makhleb
Nemelex Xobeh
Okawaru
Qazlal
Ru
Trog
Vehumet
Wu Jian
Xom
Yredelemnul
Zin
The Shining One
Jiyva

Shops:
D:12 (   Orc:1 =!(?   Orc:2 [!?=   Depths:1 =!   Depths:2 !

Portals:
Hell: Depths:1 Depths:2 Depths:3 Depths:4
Abyss: Depths:1 Depths:2 Depths:3 Depths:4
Pandemonium: Depths:2 Depths:3 Depths:4


Innate Abilities, Weirdness & Mutations

You are immune to sickness and miasma.
Your stone body is resilient. (AC +20)
You are immune to poison.
Your large and strong wings let you fly.
You resist negative energy. (rN+)
You are resistant to electric shocks. (rElec)
You are resistant to unholy torment.
You are immune to petrification.
You have a pair of small horns on your head.
You are dopey. (Int -2)
You are frail. (-10% HP)
You have an increased reservoir of magic. (+10% MP)
Your movements are slightly less encumbered by armour. (ER -2)


Message History

There is a stone staircase leading up here.
The demonspawn warmonger shoots an arrow.
The arrow closely misses you.
You fly upwards.
There is a stone staircase leading down here.
A reaper comes into view.
It is wielding a +2 scythe of protection.
No target in view!
No target in view!
As you open the door, it creaks loudly!
There is an open door here.
The reaper misses you.
You hit the reaper but do no damage. Your headbutt misses the reaper.
You sock the reaper! You burn the reaper.
The reaper is filled with an inner flame.
You headbutt the reaper, but do no damage.
The reaper is moderately wounded.
The reaper completely misses you.
You closely miss the reaper.
The reaper is moderately wounded.
Your magic seems less tainted.
The reaper hits you but does no damage.
You barely miss the reaper.
The reaper is moderately wounded.
You bludgeon the reaper!!
Flame seeps out of the reaper.
You burn the reaper!
Flame seeps out of the reaper.
You headbutt the reaper, but do no damage.
The reaper is severely wounded.
The reaper closely misses you.
You thump the reaper!
Flame seeps out of the reaper.
You burn the reaper.
Flame seeps out of the reaper. x2; You headbutt the reaper.
The reaper is almost dead.
The reaper is engulfed in blazing flames.
Trog accepts your kill.
The reaper explodes!
The fiery explosion engulfs you but does no damage.
No target in view!
There is an open door here.
There is a fountain of clear blue water here.
There is a staircase leading out of the dungeon here.
You have escaped!

#####......#.......##..
#.....######.##....###.
#.###.######.#.###.####
#...................###
#...##'##...#.#........
#...#(..#...#.#..#..###
#.###.⌠.###.......)#### ####
####.#.......#.###........ ...#
##....#.⌠.@.⌠.#......#).### ##.#
##.....#.......#.##......### #.#
#......###.⌠.###.##...##.#..
#.###........#...#...##...##.#.#
#............##'##...##..(##....
######..).............#...####.#
#######.......)######.....# #.#
#.....).#.##.#§# ###...# #.#
#.......#.##.#.########...####.#


There were no monsters in sight!

Vanquished Creatures
  5 dread liches
  7 orbs of fire
  4 ancient liches
  4 juggernauts
  Vv (Depths:3)
  Parghit (Depths:3)
  The ghost of Xuaratom the Impregnable, a veteran GnGl of Uskayaw (Depths:2)
  2 caustic shrikes (Depths:2)
  4 Killer Klowns
  6 golden dragons
  A profane servitor (D:13)
  2 bone dragons
  Arachne (Spider:2)
  5 electric golems
  23 tentacled monstrosities
  An iron giant (Depths:2)
  A hellephant (Vaults:4)
  Jorgrun (D:14)
  26 Orb Guardians
  3 liches
  8 titans
  9 quicksilver dragons
  2 walking divine tomes (Depths:3)
  2 sphinxes
  3 death cobs
  2 ancient champions (Zig:8)
  2 thorn hunters
  5 tengu reavers
  10 storm dragons
  Roxanne (Swamp:1)
  10 shadow dragons
  3 draconian monks (Zot:5)
  6 fire giants
  2 nagarajas (Vaults:2)
  7 frost giants
  2 fenstrider witches
  A frost giant (shapeshifter) (Vaults:2)
  4 emperor scorpions
  3 iron dragons
  3 draconian knights
  9 vault wardens
  Aizul (Vaults:2)
  5 deep elf sorcerers
  Louise (Spider:2)
  2 draconian scorchers
  A balrug (Vaults:4)
  2 orc warlords
  2 curse skulls
  13 ghost moths
  2 spriggan defenders (Depths:2)
  4 draconian stormcallers
  4 draconian shifters
  14 ironbound preservers
  A reaper (D:1)
  2 ironbound thunderhulks
  4 draconian annihilators
  23 very ugly things
  3 broodmothers
  6 war gargoyles
  2 vampire knights
  4 eleionomae
  17 stone giants
  2 deep elf demonologists
  9 dire elephants
  2 lorocyprocas
  9 black draconians
  8 yellow draconians
  4 deep elf annihilators
  6 white draconians
  7 green draconians
  2 bunyips
  A minotaur (Gauntlet)
  6 purple draconians
  11 red draconians
  14 ettins
  11 spark wasps
  Snorg (D:13)
  5 deep elf death magi
  A green death (Depths:2)
  An eidolon (Zig:3)
  A shambling mangrove (Swamp:4)
  11 fire dragons
  A mummy priest (Zig:4)
  2 crystal guardians (Vaults:4)
  A jiangshi (Zig:8)
  2 merfolk javelineers (Zig:9)
  6 entropy weavers
  16 yaktaur captains
  Josephine (D:10)
  3 merfolk impalers (Zig:9)
  Fannar (Orc:1)
  3 great orbs of eyes
  2 peacekeepers (Vaults:4)
  7 spriggan air magi
  28 hydras
  3 deep elf high priests
  8 rakshasas
  11 ice dragons
  33 vault guards
  3 catoblepae
  4 ogre magi
  3 radroaches
  12 ironbound frosthearts
  4 jorogumos
  A ghost crab (Swamp:2)
  11 boulder beetles
  A jorogumo (shapeshifter) (Zig:10)
  10 two-headed ogres
  11 tengu warriors
  7 centaur warriors
  7 deep troll shamans
  7 alligators
  6 death yaks (Lair:5)
  A death scarab (Zig:4)
  3 hell hogs (D:11)
  A vampire mage (Depths:2)
  8 deep troll earth magi
  7 dancing weapons (Elf:1)
  22 hell knights
  5 spriggan berserkers
  3 sun demons
  8 deep elf knights
  2 sixfirhies (Depths:3)
  3 goliath frogs
  11 pharaoh ants
  6 iron trolls
  An orb spider (shapeshifter) (Zig:10)
  4 steelbarb worms
  3 bog bodies
  9 deep elf archers
  4 skeletal warriors (Vaults:3)
  2 glowing orange brains
  8 lindwurms
  16 swamp dragons
  11 orb spiders
  15 ironbound convokers
  3 spriggan druids
  39 deep trolls
  8 wizards
  A shadow demon (D:2)
  12 deep elf zephyrmancers
  6 phantasmal warriors
  33 ugly things
  20 wolf spiders
  7 harpies
  11 deep elf pyromancers
  7 orc knights
  A salamander (Depths:2)
  8 orc sorcerers (Orc:2)
  A large abomination (Zot:5)
  3 fauns (Zig:9)
  3 tengu skeletons (Vaults:3)
  2 sphinx skeletons (Vaults:3)
  4 necromancers
  3 manticores
  5 will-o-the-wisps
  3 cyclopes
  25 moths of wrath
  A shadow dragon skeleton (Vaults:3)
  A frost giant skeleton (Vaults:3)
  A toenail golem (D:15)
  2 fire giant skeletons (Vaults:3)
  A black mamba (shapeshifter) (D:14)
  A moth of wrath (shapeshifter) (Zig:10)
  A black mamba (Lair:5)
  16 vault sentinels
  2 stone giant skeletons (Vaults:3)
  A water nymph (Zig:9)
  A minotaur zombie (Gauntlet)
  A rust devil (Depths:3)
  A smoke demon (Gauntlet)
  An eye of devastation (Vaults:2)
  21 yaktaurs
  2 orange demons
  3 gargoyles
  13 cane toads
  14 demonic crawlers
  2 kobold demonologists
  4 rime drakes
  9 komodo dragons
  A hellion (Zot:3)
  An unseen horror (D:11)
  5 torpor snails
  2 tormentors
  2 ice devils (Depths:3)
  3 tengu conjurers
  3 guardian mummies (Zig:4)
  A harpy zombie (Abyss:1)
  2 freezing wraiths (D:14)
  12 merfolk (Zig:9)
  3 hellwings (Depths:2)
  2 red devils
  7 trolls
  A tyrant leech (shapeshifter) (Vaults:4)
  A bloated husk (Swamp:3)
  4 meliai
  10 polar bears
  12 tarantellas
  14 tyrant leeches
  7 hornets
  5 raiju (Lair:5)
  A blink frog (shapeshifter) (Zig:10)
  14 blink frogs
  A snapping turtle (Zig:9)
  6 dream sheep (Lair:5)
  4 flying skulls (Gauntlet)
  29 slime creatures
  22 jumping spiders
  An ettin skeleton (Vaults:3)
  2 shadows
  8 wraiths
  A vampire (D:12)
  18 culicivoras
  8 spriggans
  6 wyverns
  An air elemental (Elf:1)
  An ushabti (Zig:4)
  51 yaks
  6 water elementals
  The ghost of gabibbone the Covert, an amateur NaBr (D:4)
  7 basilisks
  47 redbacks
  A neqoxec (Depths:3)
  3 steam dragons
  5 vampire mosquitoes
  2 chaos spawn (Depths:3)
  2 elf skeletons (Vaults:3)
  21 swamp worms
  3 acid dragons
  15 wargs
  16 water moccasins
  A floating eye (Depths:2)
  2 floating eyes (shapeshifter)
  12 hell hounds (Lair:5)
  11 orc warriors
  12 black bears
  2 ice beasts (D:7)
  An ice beast (shapeshifter) (Vaults:5)
  3 sky beasts
  11 swamp drakes
  11 ogres
  45 wolves
  A boggart (D:15)
  12 centaurs
  3 human skeletons (Vaults:3)
  3 phantoms
  8 kobold brigands
  4 necrophages
  9 bullfrogs
  2 gnoll sergeants
  2 earth elementals (Elf:1)
  A scorpion (D:4)
  4 wights (D:9)
  A killer bee (D:7)
  3 electric eels
  3 howler monkeys
  2 crimson imps (Gauntlet)
  A hound (D:4)
  4 jellies
  14 orc priests
  A gnoll bouda (D:7)
  5 iguanas
  Natasha (thrice) (D:3)
  6 hell rats (Lair:4)
  51 orc wizards
  A merfolk siren (Sewer)
  2 merfolk avatars
  4 mummies (Zig:4)
  8 gnolls
  12 adders
  A river rat (Sewer)
  5 shadow imps
  2 white imps
  3 ufetubi
  3 worms
  4 dart slugs
  79 orcs
  10 ball pythons
  A bat (D:2)
  8 endoplasms
  10 giant cockroaches
  7 goblins
  3 hobgoblins
  10 jackals
  23 kobolds
  4 quokkas
  4 frilled lizards
  22 rats
  A spectral orc (D:5)
  A briar patch (Swamp:3)
  A butterfly (Lair:3)
  A plant (D:15)
1975 creatures vanquished.

Vanquished Creatures (others)
  An Orb Guardian (Zot:5)
  A draconian annihilator (Zot:5)
  A deep elf high priest (Vaults:5)
  An ogre mage (Vaults:5)
  2 wizards
  2 deep elf zephyrmancers (Elf:1)
  A faun (Zig:9)
  A black mamba (Lair:4)
  5 bloated husks
  2 merfolk (Zig:9)
  A culicivora (Spider:1)
  A redback (Depths:4)
  A swamp worm (Swamp:2)
  A swamp drake (Swamp:4)
  An ogre (Vaults:5)
  An orc (Orc:2)
  30 foxfires
  12 fungi
  81 plants
  7 toadstools (Swamp:1)
153 creatures vanquished.

Grand Total: 2128 creatures vanquished

Notes
Turn   | Place    | Note
-------+----------+-------------------------------------------
     0 | D:1      | Lanoc the Gargoyle Berserker began the quest for the Orb.
     0 | D:1      | Reached XP level 1. HP: 14/14 MP: 1/1
   123 | D:1      | Reached XP level 2. HP: 19/19 MP: 2/2
   614 | D:2      | Reached XP level 3. HP: 17/23 MP: 3/3
   900 | D:2      | Noticed an ogre
   907 | D:2      | Killed an ogre
   908 | D:2      | Reached skill level 4 in Fighting
   908 | D:2      | Reached XP level 4. HP: 29/29 MP: 4/4
   908 | D:2      | Reached XP level 5. HP: 33/33 MP: 5/5
  1202 | D:3      | Noticed Natasha
  1209 | D:3      | Killed Natasha
  1284 | D:3      | Found a glowing drain.
  1398 | Sewer    | Entered a sewer
  1438 | Sewer    | Reached ** piety under Trog
  1527 | Sewer    | Reached XP level 6. HP: 28/38 MP: 6/6
  1713 | Sewer    | Reached skill level 1 in Evocations
  1911 | D:3      | Noticed Natasha
  1918 | D:3      | Killed Natasha
  1918 | D:3      | Reached *** piety under Trog
  1922 | D:3      | Noticed Natasha
  1929 | D:3      | Killed Natasha
  1930 | D:3      | Reached skill level 5 in Maces & Flails
  2401 | D:4      | Reached XP level 7. HP: 42/44 MP: 7/7
  2446 | D:4      | You fall into a shaft and drop 3 floors!
  2607 | D:7      | Reached skill level 5 in Fighting
  2797 | D:7      | Reached XP level 8. HP: 49/49 MP: 8/8
  2873 | D:5      | Entered Level 5 of the Dungeon
  3284 | D:4      | Reached **** piety under Trog
  3306 | D:4      | Reached skill level 5 in Armour
  3391 | D:4      | Found a runed translucent door.
  3707 | D:4      | Noticed gabibbone's ghost (amateur NaBr)
  3722 | D:4      | Killed gabibbone's ghost
  3931 | D:5      | Found a hazy altar of Hepliaklqana.
  3958 | D:5      | Reached XP level 9. HP: 55/55 MP: 9/9
  3974 | D:5      | Found a stormy altar of Qazlal.
  4152 | D:6      | Reached skill level 6 in Fighting
  4278 | D:6      | Found a sacrificial altar of Ru.
  4498 | D:6      | Found a staircase to the Ecumenical Temple.
  4622 | D:6      | Found an opulent altar of Gozag.
  4839 | D:7      | Found a sparkling altar of Nemelex Xobeh.
  4989 | D:7      | Found an iron altar of Okawaru.
  5378 | D:7      | Found a bloodstained altar of Trog.
  5410 | D:7      | Reached skill level 7 in Fighting
  5410 | D:7      | Reached XP level 10. HP: 63/63 MP: 10/10
  5416 | D:7      | Reached skill level 5 in Dodging
  5956 | D:8      | Found a shimmering altar of Xom.
  6155 | D:8      | Reached skill level 5 in Evocations
  6213 | D:8      | Found a large runed translucent door.
  6213 | D:8      | Found a large runed translucent door.
  6348 | D:8      | Found a staircase to the Lair.
  6383 | D:8      | Reached ***** piety under Trog
  7000 | D:8      | Found an ornate altar of the Wu Jian Council.
  7003 | D:8      | Found a basalt altar of Yredelemnul.
  7159 | D:9      | Received a gift from Trog
  7257 | D:9      | Reached skill level 8 in Fighting
  7257 | D:9      | Reached skill level 10 in Maces & Flails
  7317 | D:9      | Found a staircase to the Orcish Mines.
  7347 | D:9      | Found a glowing golden altar of the Shining One.
  7399 | D:9      | Reached XP level 11. HP: 68/68 MP: 11/11
  7577 | D:9      | Noticed a deep elf pyromancer
  7584 | D:9      | Killed a deep elf pyromancer
  7675 | D:9      | Found a burning altar of Makhleb.
  7949 | D:9      | Noticed a two-headed ogre
  7957 | D:9      | Killed a two-headed ogre
  8125 | D:10     | Entered Level 10 of the Dungeon
  8208 | Abyss:1  | Cast into level 1 of the Abyss (gnoll sergeant)
  8328 | D:10     | Escaped the Abyss
  8499 | D:10     | Noticed Josephine
  8557 | D:10     | Killed Josephine
  8597 | D:10     | Reached skill level 9 in Fighting
  8768 | D:10     | Found a glowing silver altar of Zin.
  9321 | D:11     | Noticed a boulder beetle
  9339 | D:11     | Killed a boulder beetle
  9393 | D:11     | Reached XP level 12. HP: 76/76 MP: 12/12
  9885 | D:11     | Noticed a boulder beetle
  9899 | D:11     | Killed a boulder beetle
 10607 | D:12     | Found Megg's Antique Weapon Shoppe.
 10639 | D:12     | Noticed a boulder beetle
 10676 | D:11     | Killed a boulder beetle
 10808 | D:12     | Noticed a boulder beetle
 10825 | D:12     | Killed a boulder beetle
 10952 | D:12     | Reached skill level 10 in Fighting
 10971 | D:12     | Reached skill level 10 in Armour
 12036 | D:13     | Noticed a boulder beetle
 12040 | D:13     | Noticed a centaur warrior
 12052 | D:13     | Killed a centaur warrior
 12073 | D:13     | Reached XP level 13. HP: 83/83 MP: 13/13
 12579 | D:13     | Noticed Snorg
 12589 | D:13     | Killed Snorg
 12692 | D:13     | Reached skill level 11 in Fighting
 12962 | D:14     | Found a gate leading to a gauntlet.
 13000 | Gauntlet | Entered a Gauntlet
 13000 | Gauntlet | Found a transporter.
 13000 | Gauntlet | Found a transporter.
 13001 | Gauntlet | Found a transporter.
 13004 | Gauntlet | Found a transporter.
 13020 | Gauntlet | Found a transporter.
 13021 | Gauntlet | Found a transporter.
 13080 | Gauntlet | Found a transporter.
 13090 | Gauntlet | Found a transporter.
 13105 | Gauntlet | Found a transporter.
 13117 | Gauntlet | Found a transporter.
 13130 | Gauntlet | Found a transporter.
 13161 | Gauntlet | Found a transporter.
 13497 | Gauntlet | Identified the ring "Soucvetad" {rElec rPois Int-3 Dex+6
                  | Stlth+}
 13558 | Gauntlet | Noticed a minotaur
 13567 | Gauntlet | Killed a minotaur
 13612 | Gauntlet | Identified the +3 dagger "Suyntot" {flame, Dex+3}
 13782 | D:14     | Noticed a fire dragon
 13819 | D:14     | Killed a fire dragon
 13841 | D:14     | Found a gate to the Vaults.
 13848 | D:14     | Identified the +5 spear of Ru's Generosity {vamp, rF+ rC+
                  | Dex+5}
 14213 | D:14     | Noticed Jorgrun
 14233 | D:14     | Killed Jorgrun
 14359 | D:15     | Entered Level 15 of the Dungeon
 14530 | Orc:1    | Entered Level 1 of the Orcish Mines
 14601 | Orc:1    | Reached skill level 12 in Fighting
 14751 | Orc:1    | Found Jarghe Umab's Jewellery Shoppe.
 14841 | Orc:1    | Noticed Fannar
 14857 | Orc:1    | Killed Fannar
 14858 | Orc:1    | Gained mutation: Your large and strong wings let you fly.
                  | [Gargoyle growth]
 14858 | Orc:1    | Reached XP level 14. HP: 92/92 MP: 14/14
 14925 | Orc:1    | Found Lips's Distillery.
 14932 | Orc:1    | Found Juzukh's Weapon Emporium.
 14978 | Orc:1    | Bought a potion of haste for 170 gold pieces
 14978 | Orc:1    | Bought a potion of might for 68 gold pieces
 14978 | Orc:1    | Bought a potion of might for 68 gold pieces
 14978 | Orc:1    | Bought a potion of mutation for 136 gold pieces
 14978 | Orc:1    | Bought a potion of ambrosia for 136 gold pieces
 14985 | Orc:1    | Found Vaituex's Magic Scroll Emporium.
 15009 | Orc:1    | Bought a scroll of enchant weapon for 90 gold pieces
 15009 | Orc:1    | Bought a scroll of summoning for 114 gold pieces
 15009 | Orc:1    | Bought a scroll of teleportation for 36 gold pieces
 15009 | Orc:1    | Bought a scroll of enchant weapon for 90 gold pieces
 15236 | Orc:2    | Entered Level 2 of the Orcish Mines
 15443 | Orc:2    | Found Xeasoal's Distillery.
 15523 | Orc:2    | Found Kubus's Armour Shoppe.
 15641 | Orc:2    | Found Enueme's Jewellery Boutique.
 15641 | Orc:2    | Found Qod Xaad's Magic Scroll Shoppe.
 15758 | Orc:2    | Found a staircase to the Elven Halls.
 15864 | Orc:2    | Received a gift from Trog
 15940 | Orc:2    | Reached skill level 10 in Evocations
 16519 | Orc:1    | Bought the ring of the Vendetta {Drain rN+ Will++ Dex+6
                  | Stlth+} for 876 gold pieces
 16595 | Lair:1   | Entered Level 1 of the Lair of Beasts
 17697 | Lair:2   | Identified the +1 cloak "Wozeihia" {rCorr Dex+2}
 17740 | Lair:2   | Identified the +4 hat of Zaqy {rF+ rC+ Regen+ Int+6}
 18360 | Lair:2   | Found a hole to the Spider Nest.
 18916 | Lair:3   | Reached skill level 13 in Fighting
 18916 | Lair:3   | Reached skill level 10 in Dodging
 18981 | Lair:3   | Found a staircase to the Swamp.
 19518 | Lair:4   | Received a gift from Trog
 19624 | Lair:4   | Found a radiant altar of Vehumet.
 19669 | Lair:4   | Reached XP level 15. HP: 99/99 MP: 15/15
 20618 | Lair:5   | Entered Level 5 of the Lair of Beasts
 20770 | Lair:5   | Found a viscous altar of Jiyva.
 20771 | Lair:5   | Found a staircase to the Slime Pits.
 20970 | Lair:5   | Reached ****** piety under Trog
 21074 | Lair:5   | Identified the +8 great mace of Symmetry {vorpal, rF+}
                  | (Trog gifted it to you on level 5 of the Lair of Beasts)
 21074 | Lair:5   | Received a gift from Trog
 21679 | Lair:5   | Reached skill level 14 in Fighting
 21707 | Lair:5   | Received a gift from Trog
 22014 | Swamp:1  | Entered Level 1 of the Swamp
 22140 | Swamp:1  | Noticed a thorn hunter
 22160 | Swamp:1  | Killed a thorn hunter
 22207 | Swamp:1  | Noticed Roxanne
 22260 | Swamp:1  | Killed Roxanne
 22261 | Swamp:1  | Reached XP level 16. HP: 72/106 MP: 16/16
 22726 | Swamp:2  | Noticed a fenstrider witch
 22739 | Swamp:2  | Killed a fenstrider witch
 23239 | Swamp:3  | Received a gift from Trog
 23279 | Swamp:3  | Noticed a fenstrider witch
 23289 | Swamp:3  | Killed a fenstrider witch
 23398 | Swamp:3  | Noticed a thorn hunter
 23407 | Swamp:3  | Killed a thorn hunter
 23814 | Swamp:4  | Entered Level 4 of the Swamp
 23818 | Swamp:4  | Identified the +1 helmet of the Salmon {Harm rElec}
 23836 | Swamp:4  | Noticed a tentacled monstrosity
 23850 | Swamp:4  | Killed a tentacled monstrosity
 23881 | Swamp:4  | Received a gift from Trog
 23889 | Swamp:4  | HP: 3/107 [six-headed hydra (7)]
 24076 | Swamp:4  | Got a decaying rune of Zot
 24121 | Swamp:4  | Reached skill level 15 in Fighting
 24144 | Swamp:4  | Reached XP level 17. HP: 113/113 MP: 17/17
 24172 | Swamp:4  | Reached skill level 15 in Maces & Flails
 24217 | Swamp:4  | Identified a scroll of acquirement
 24234 | Swamp:4  | Acquired the +7 great mace "Firestarter" {inner flame,
                  | rF++}
 24234 | Swamp:4  | Found the +7 great mace "Firestarter" {inner flame, rF++}
 24661 | Spider:1 | Entered Level 1 of the Spider Nest
 24783 | Spider:1 | Identified the +0 scale mail of the Engineer {rN++ Dex+2}
 24822 | Spider:1 | Reached skill level 15 in Armour
 25510 | Spider:2 | Identified the +1 tower shield "Dooxkidd" {Rampage rC+
                  | Will-}
 25510 | Spider:2 | Noticed Louise
 25523 | Spider:2 | Killed Louise
 25623 | Spider:2 | Received a gift from Trog
 26569 | Spider:2 | Noticed Arachne
 26587 | Spider:2 | Killed Arachne
 27212 | Spider:2 | Received a gift from Trog
 27264 | Spider:2 | HP: 1/169 [spark wasp simulacrum (16)]
 28152 | Spider:4 | Entered Level 4 of the Spider Nest
 28160 | Spider:4 | Received a gift from Trog
 28161 | Spider:4 | Reached XP level 18. HP: 110/120 MP: 18/18
 28685 | Spider:4 | Reached skill level 16 in Fighting
 28690 | Spider:4 | Received a gift from Trog
 28864 | Spider:4 | Got a gossamer rune of Zot
 29297 | Orc:1    | Upgraded the game from 0.30-a0-310-g7d6cbdfea6 to
                  | 0.30-a0-311-gf115ab0292
 29306 | Elf:1    | Entered Level 1 of the Elven Halls
 29367 | Elf:1    | Paralysed by an air elemental for 1 turns
 29618 | Elf:1    | Received a gift from Trog
 30452 | Vaults:1 | Entered Level 1 of the Vaults
 30528 | Vaults:1 | Received a gift from Trog
 30883 | Vaults:1 | Identified the +1 chain mail "Boxim" {Dex+4 Stlth+}
 30898 | Vaults:1 | Reached XP level 19. HP: 123/127 MP: 19/19
 31938 | Vaults:2 | Received a gift from Trog
 32579 | Vaults:2 | Noticed Aizul
 32585 | Vaults:2 | Killed Aizul
 32627 | Vaults:2 | Reached skill level 17 in Fighting
 32885 | Vaults:2 | Received a gift from Trog
 33717 | Vaults:3 | Reached XP level 20. HP: 134/134 MP: 20/20
 34221 | Vaults:3 | Received a gift from Trog
 34424 | Vaults:3 | Found a staircase to the Crypt.
 34886 | Vaults:3 | Acquired a manual of Fighting
 35301 | Vaults:4 | Identified the +10 dire flail "Beetlebane" {flame, rN+
                  | rCorr Str-4 SInv} (Trog gifted it to you on level 4 of the
                  | Vaults)
 35301 | Vaults:4 | Received a gift from Trog
 35377 | Vaults:4 | Reached skill level 18 in Fighting
 35979 | Vaults:4 | Found a huge runed gate.
 35979 | Vaults:4 | Found a huge runed gate.
 35979 | Vaults:4 | Found a huge runed gate.
 35979 | Vaults:4 | Found a huge runed gate.
 35980 | Vaults:4 | Found a huge runed gate.
 35980 | Vaults:4 | Found a huge runed gate.
 35980 | Vaults:4 | Found a huge runed gate.
 35980 | Vaults:4 | Found a huge runed gate.
 35982 | Vaults:4 | Found a huge runed gate.
 35982 | Vaults:4 | Found a huge runed gate.
 35982 | Vaults:4 | Found a huge runed gate.
 35982 | Vaults:4 | Found a huge runed gate.
 35982 | Vaults:4 | Found a huge runed gate.
 35982 | Vaults:4 | Found a huge runed gate.
 35983 | Vaults:4 | Found a huge runed gate.
 35984 | Vaults:4 | Found a huge runed gate.
 35986 | Vaults:4 | Found a huge runed gate.
 35994 | Vaults:4 | Found a huge runed gate.
 35994 | Vaults:4 | Found a huge runed gate.
 35994 | Vaults:4 | Found a huge runed gate.
 35994 | Vaults:4 | Found a huge runed gate.
 35994 | Vaults:4 | Found a huge runed gate.
 35994 | Vaults:4 | Found a huge runed gate.
 35995 | Vaults:4 | Found a huge runed gate.
 35996 | Vaults:4 | Found a huge runed gate.
 35997 | Vaults:4 | Found a huge runed gate.
 36005 | Vaults:4 | Found a huge runed gate.
 36005 | Vaults:4 | Found a huge runed gate.
 36005 | Vaults:4 | Found a huge runed gate.
 36005 | Vaults:4 | Found a huge runed gate.
 36005 | Vaults:4 | Found a huge runed gate.
 36005 | Vaults:4 | Found a huge runed gate.
 36006 | Vaults:4 | Found a huge runed gate.
 36007 | Vaults:4 | Found a huge runed gate.
 36008 | Vaults:4 | Found a huge runed gate.
 36016 | Vaults:4 | Found a huge runed gate.
 36147 | Vaults:4 | Noticed a hellephant
 36275 | Vaults:4 | Killed a hellephant
 36288 | Vaults:4 | Identified the +9 dagger of Keaj {vorpal, *Noise rF++ rC+++
                  | Dex-3} (Trog gifted it to you on level 4 of the Vaults)
 36288 | Vaults:4 | Received a gift from Trog
 36436 | Vaults:4 | Reached skill level 15 in Evocations
 36489 | Vaults:5 | Entered Level 5 of the Vaults
 36508 | Vaults:4 | Reached XP level 21. HP: 42/142 MP: 21/21
 36755 | Vaults:5 | Noticed a dread lich
 36788 | Vaults:4 | Killed a dread lich
 36834 | Vaults:4 | Received a gift from Trog
 36898 | Vaults:4 | Reached skill level 19 in Fighting
 37916 | Vaults:5 | Identified the +3 rapier of Wyrd {drain, rPois rCorr MP+9
                  | Stlth-}
 37951 | Vaults:5 | Received a gift from Trog
 38398 | Vaults:5 | Identified the +3 quarterstaff "Ymiasoed" {vamp, rF+ Dex+6}
 38398 | Vaults:5 | Identified the ring "Caicvuan" {Drain rCorr Str+6 Int-5
                  | Dex+9}
 38544 | Vaults:5 | Reached skill level 20 in Fighting
 38617 | Vaults:5 | Received a gift from Trog
 39065 | Vaults:5 | Got a silver rune of Zot
 39077 | Vaults:5 | Identified the +1 leather armour of Precision Catastrophes
                  | {Dex+4}
 39689 | D:15     | Reached XP level 22. HP: 150/152 MP: 22/22
 39979 | D:15     | Found a staircase to the Depths.
 40231 | Depths:1 | Entered Level 1 of the Depths
 40266 | Depths:1 | Reached skill level 15 in Dodging
 40321 | Depths:1 | Received a gift from Trog
 40499 | Depths:1 | Found a gateway to Hell.
 40661 | Depths:1 | Found Tej Imuwao's Jewellery Emporium.
 40666 | Depths:1 | Found Tuenuen's Distillery.
 40674 | Depths:1 | Bought a potion of mutation for 176 gold pieces
 40674 | Depths:1 | Bought a potion of heal wounds for 110 gold pieces
 40674 | Depths:1 | Bought a potion of curing for 66 gold pieces
 40674 | Depths:1 | Bought a potion of curing for 66 gold pieces
 40696 | Depths:1 | Reached skill level 21 in Fighting
 40820 | Depths:1 | Found a radiant altar of Vehumet.
 41311 | Depths:1 | Acquired a manual of Fighting
 41333 | Depths:1 | Found a one-way gate to the infinite horrors of the Abyss.
 41478 | Depths:2 | Received a gift from Trog
 41875 | Depths:2 | Reached skill level 22 in Fighting
 41909 | Depths:2 | Noticed a caustic shrike
 41914 | Depths:2 | Killed a caustic shrike
 41922 | Depths:2 | Identified the +3 sling of the Fool {vorpal, Contam rPois
                  | Int+8 Stlth-}
 41930 | Depths:2 | Noticed a golden dragon
 41939 | Depths:2 | Killed a golden dragon
 41949 | Depths:2 | Noticed a caustic shrike
 41956 | Depths:2 | Killed a caustic shrike
 42098 | Depths:2 | Noticed Xuaratom's ghost (veteran GnGl)
 42099 | Depths:2 | Found a runed translucent door.
 42166 | Depths:2 | Found Byemimn's Distillery.
 42174 | Depths:2 | Bought a potion of haste for 140 gold pieces
 42174 | Depths:2 | Bought a potion of haste for 140 gold pieces
 42174 | Depths:2 | Bought a potion of heal wounds for 70 gold pieces
 42174 | Depths:2 | Bought a potion of invisibility for 112 gold pieces
 42219 | Depths:2 | Found a one-way gate leading to the halls of Pandemonium.
 42439 | Depths:2 | Found a snail-covered altar of Cheibriados.
 42441 | Depths:2 | Found a blossoming altar of Fedhas.
 42441 | Depths:2 | Found a radiant altar of Vehumet.
 42443 | Depths:2 | Found a shimmering altar of Xom.
 42443 | Depths:2 | Found a shimmering altar of Xom.
 42443 | Depths:2 | Found a shimmering altar of Xom.
 42625 | Depths:2 | Killed Xuaratom's ghost
 42626 | Depths:2 | Reached XP level 23. HP: 163/163 MP: 23/23
 42644 | Depths:2 | Identified the +0 hat "Deungur" {rCorr}
 42758 | Depths:3 | Noticed Parghit
 42778 | Depths:3 | Killed Parghit
 42814 | Depths:3 | Found a one-way gateway to a ziggurat.
 42896 | Depths:3 | Gained mutation: Potions are less effective at restoring
                  | your health. [a neqoxec]
 42980 | Depths:3 | Noticed Vv
 43006 | Depths:3 | Killed Vv
 43062 | Depths:3 | You are sucked into a shaft and drop 1 floor!
 43062 | Depths:4 | Entered Level 4 of the Depths
 43062 | Depths:4 | Noticed a golden dragon
 43273 | Depths:3 | Reached skill level 23 in Fighting
 43331 | Depths:3 | Noticed a juggernaut
 43381 | Depths:3 | Killed a juggernaut
 43432 | Depths:3 | Found the +9 heavy crossbow "Sniper" {vorpal, Acc+∞ SInv}
 43440 | Depths:3 | Identified the +4 whip of Misery {elec, Fly}
 43963 | Depths:4 | Noticed a juggernaut
 43977 | Depths:4 | Killed a juggernaut
 43993 | Depths:4 | Noticed a juggernaut
 44053 | Depths:3 | Killed a juggernaut
 44054 | Depths:3 | Reached skill level 24 in Fighting
 44055 | Depths:3 | Killed a golden dragon
 44114 | Depths:4 | Gained mutation: You occasionally shout uncontrollably at
                  | your foes. [a cacodemon]
 44187 | Depths:4 | Identified the +11 great mace "Haacuf" {vorpal, Str+6 SInv}
                  | (Trog gifted it to you on level 4 of the Depths)
 44187 | Depths:4 | Received a gift from Trog
 44201 | Depths:4 | Found a gate to the Realm of Zot.
 44290 | Depths:4 | Found a glowing silver altar of Zin.
 44922 | Zig:1    | Entered Level 1 of a ziggurat
 44923 | Zig:1    | Noticed a Killer Klown
 44934 | Zig:1    | Killed a Killer Klown
 44953 | Zig:2    | Entered Level 2 of a ziggurat
 44987 | Zig:3    | Entered Level 3 of a ziggurat
 45002 | Zig:3    | Reached skill level 25 in Fighting
 45053 | Zig:4    | Entered Level 4 of a ziggurat
 45072 | Zig:4    | Reached XP level 24. HP: 176/176 MP: 23/23
 45073 | Zig:4    | Received a gift from Trog
 45123 | Zig:5    | Entered Level 5 of a ziggurat
 45166 | Zig:5    | Identified the +9 rapier of Understanding {elec, Drain
                  | Str+4 Dex+5}
 45253 | Zig:6    | Entered Level 6 of a ziggurat
 45302 | Zig:6    | Acquired the +0 hat of Fud Jomn {Str+5 Int-5 Dex+5}
 45327 | Zig:6    | Reached XP level 25. HP: 182/182 MP: 9/23
 45402 | Zig:7    | Entered Level 7 of a ziggurat
 45409 | Zig:7    | Found the +7 staff of the Meek {protect, meekguard}
 45436 | Zig:7    | Reached XP level 26. HP: 178/188 MP: 23/23
 45440 | Zig:7    | Identified the +8 halberd of Regicide {antimagic, Will-
                  | Str+4 Int+4}
 45445 | Zig:7    | Identified the ring "Budahyid" {Wiz rC- rCorr Str+3 Int+3}
 45459 | Zig:8    | Entered Level 8 of a ziggurat
 45466 | Zig:8    | Noticed a dread lich
 45479 | Zig:8    | Killed a dread lich
 45614 | Zig:8    | Identified the +1 chain mail of the Dragon {rF+ rN+}
 45617 | Zig:8    | Identified the ring "Mysiudao" {MP+9 Dex+2}
 45632 | Zig:9    | Entered Level 9 of a ziggurat
 45649 | Zig:9    | Found the amulet of the Air {Inacc Air Fly rElec RMsl}
 45753 | Zig:10   | Entered Level 10 of a ziggurat
 45758 | Zig:10   | Noticed an ancient lich
 45764 | Zig:10   | Noticed a dread lich
 45780 | Zig:10   | Paralysed by a dread lich for 2 turns
 45789 | Zig:10   | Gained mutation: You are weak. (Str -2) [a shining eye]
 45791 | Zig:10   | Killed a dread lich
 45795 | Zig:10   | Killed an ancient lich
 45894 | Zig:10   | Identified the +0 broad axe of Discomfort {vorpal, rCorr
                  | Str-3 Dex+5}
 45898 | Zig:10   | Identified the +1 robe of Too Many Cooks {rCorr Int+3}
 45990 | Zot:1    | Entered Level 1 of the Realm of Zot
 46004 | Zot:1    | Reached skill level 26 in Fighting
 46045 | Depths:4 | Lost mutation: You are weak. (Str -2) [potion of mutation]
 46045 | Depths:4 | Lost mutation: Potions are less effective at restoring your
                  | health. [potion of mutation]
 46045 | Depths:4 | Lost mutation: You occasionally shout uncontrollably at
                  | your foes. [potion of mutation]
 46045 | Depths:4 | Gained mutation: You have a pair of small horns on your
                  | head. [potion of mutation]
 46045 | Depths:4 | Gained mutation: You are agile. (Dex +4, Str/Int -1)
                  | [potion of mutation]
 46045 | Depths:4 | Gained mutation: You are partially covered in iridescent
                  | scales. (AC +2) [potion of mutation]
 46140 | Zot:1    | Received a gift from Trog
 46562 | Zot:1    | Identified the +0 leather armour of Dogma {rF- rC+ Will+}
 46651 | Zot:2    | Noticed an orb of fire
 46662 | Zot:2    | Gained mutation: You occasionally lose the ability to drink
                  | potions when taking damage. [an orb of fire]
 46679 | Zot:2    | Killed an orb of fire
 47373 | Zot:3    | Noticed an ancient lich
 47378 | Zot:3    | Noticed a juggernaut
 47534 | Zot:1    | Killed a juggernaut
 47631 | Zot:2    | Killed an ancient lich
 47668 | Zot:3    | Noticed an orb of fire
 47674 | Zot:3    | Gained mutation: Your spells are a little harder to cast,
                  | but a little more powerful. [an orb of fire]
 47675 | Zot:3    | Gained mutation: You are mostly covered in iridescent
                  | scales. (AC +4) [an orb of fire]
 47677 | Zot:3    | Killed an orb of fire
 47678 | Zot:3    | Reached XP level 27. HP: 197/197 MP: 23/23
 48580 | Zot:2    | Received a gift from Trog
 48676 | Zot:4    | Reached skill level 27 in Fighting
 49313 | Zot:5    | Entered Level 5 of the Realm of Zot
 49729 | Zot:5    | Received a gift from Trog
 49851 | Zot:5    | Noticed a dread lich
 49875 | Zot:5    | Killed a dread lich
 49939 | Zot:5    | Noticed an orb of fire
 49941 | Zot:5    | Noticed an orb of fire
 49947 | Zot:5    | Gained mutation: Armour fits poorly on your strangely
                  | shaped body. [an orb of fire]
 49950 | Zot:5    | Gained mutation: You are weak. (Str -2) [an orb of fire]
 49951 | Zot:5    | Gained mutation: You are dopey. (Int -2) [an orb of fire]
 49957 | Zot:5    | Gained mutation: You occasionally shout uncontrollably at
                  | your foes. [an orb of fire]
 49988 | Zot:5    | Lost mutation: You are weak. (Str -2) [an orb of fire]
 49993 | Zot:5    | Gained mutation: Your magical capacity is low. (-10% MP)
                  | [an orb of fire]
 49997 | Zot:5    | Gained mutation: You sometimes lose the ability to drink
                  | potions when taking damage. [an orb of fire]
 50002 | Zot:5    | Gained mutation: You are vulnerable to cold. (rC-) [an orb
                  | of fire]
 50024 | Zot:5    | Noticed a dread lich
 50025 | Zot:5    | Noticed an orb of fire
 50032 | Zot:5    | Noticed an orb of fire
 50041 | Zot:5    | Noticed an orb of fire
 50042 | Zot:5    | Killed a dread lich
 50044 | Zot:5    | Gained mutation: You are frail. (-10% HP) [an orb of fire]
 50046 | Zot:5    | Noticed an ancient lich
 50046 | Zot:5    | Noticed an ancient lich
 50067 | Zot:5    | Lost mutation: Your spells are a little harder to cast, but
                  | a little more powerful. [an orb of fire]
 50132 | Zot:5    | Lost mutation: You are mostly covered in iridescent scales.
                  | (AC +4) [an orb of fire]
 50141 | Zot:5    | Gained mutation: You are very dopey. (Int -4) [an orb of
                  | fire]
 50151 | Zot:5    | Killed an orb of fire
 50170 | Zot:5    | Lost mutation: You have a pair of small horns on your head.
                  | [potion of mutation]
 50170 | Zot:5    | Lost mutation: You are agile. (Dex +4, Str/Int -1) [potion
                  | of mutation]
 50170 | Zot:5    | Lost mutation: You are vulnerable to cold. (rC-) [potion of
                  | mutation]
 50170 | Zot:5    | Gained mutation: You are clumsy. (Dex -2) [potion of
                  | mutation]
 50171 | Zot:5    | Lost mutation: You are clumsy. (Dex -2) [potion of
                  | mutation]
 50171 | Zot:5    | Lost mutation: You are partially covered in iridescent
                  | scales. (AC +2) [potion of mutation]
 50171 | Zot:5    | Lost mutation: You sometimes lose the ability to drink
                  | potions when taking damage. [potion of mutation]
 50171 | Zot:5    | Gained mutation: You have a pair of small antennae on your
                  | head. [potion of mutation]
 50172 | Zot:5    | Lost mutation: Armour fits poorly on your strangely shaped
                  | body. [potion of mutation]
 50172 | Zot:5    | Lost mutation: You occasionally shout uncontrollably at
                  | your foes. [potion of mutation]
 50172 | Zot:5    | Lost mutation: You occasionally lose the ability to drink
                  | potions when taking damage. [potion of mutation]
 50172 | Zot:5    | Lost mutation: You have a pair of small antennae on your
                  | head. [potion of mutation]
 50172 | Zot:5    | Gained mutation: You have a pair of small horns on your
                  | head. [potion of mutation]
 50310 | Zot:5    | Killed an orb of fire
 50388 | Zot:5    | Killed an orb of fire
 50522 | Zot:5    | Killed an ancient lich
 50557 | Zot:5    | Killed an orb of fire
 50564 | Zot:5    | Killed an ancient lich
 50569 | Zot:5    | Gained mutation: Your body sometimes deteriorates upon
                  | taking damage. [an orb of fire]
 50576 | Zot:5    | Killed an orb of fire
 50736 | Zot:5    | Lost mutation: Your body sometimes deteriorates upon taking
                  | damage. [potion of mutation]
 50736 | Zot:5    | Lost mutation: Your magical capacity is low. (-10% MP)
                  | [potion of mutation]
 50736 | Zot:5    | Lost mutation: You are very dopey. (Int -4) [potion of
                  | mutation]
 50736 | Zot:5    | Gained mutation: Your movements are slightly less
                  | encumbered by armour. (ER -2) [potion of mutation]
 50736 | Zot:5    | Gained mutation: You have an increased reservoir of magic.
                  | (+10% MP) [potion of mutation]
 50808 | Zot:5    | Got the Orb of Zot
 51392 | D:2      | Noticed Xomasist the pandemonium lord
 51427 | D:$      | Escaped with the Orb!

Illustrated notes

Levels and vault maps discovered:
D:1:      dpeg_arrival_simpleton_c, layout_loops_cross
D:2:      layout_rooms, minmay_misc_feat_four_crosses
D:3:      layout_loops_ring, gup_sewer_entry_glass, kennysheep_generic_room_15,
          uniq_natasha
D:4:      layout_cave_pools, ebering_ghost_reflecting_pool,
          kennysheep_minor_cross
D:5:      layout_cave_pools, mainiacjoe_overflow_catwalk,
          nicolae_hepliaklqana_monster_ancestors
D:6:      layout_rooms, nicolae_ru_sacrificial_ziggurat,
          nicolae_gozag_cash_rules_everything_around_me,
          minmay_temple_entry_poolview
D:7:      minmay_s_stair_smasher, layout_loops_ring, general_overflow_altar,
          kennysheep_mini, nemelex_xobeh_ov_fountains_minmay,
          serial_co_window_serial, co_window_paths_a,
          co_window_of_opportunity_a, co_window_paths_a, co_window_corner_a,
          co_window_of_opportunity_a, co_window_unsneaky_path_c,
          co_window_paths_c, co_window_broadway_b, co_window_2corner,
          co_window_2corner, co_window_paths_e, glass_columns_a,
          glass_columns_a, glass_columns_c, glass_columns_a, glass_columns_a
D:8:      layout_basic, mainiacjoe_overflow_paths, jmf_multi_god_temple2,
          erik_lair_orcish_takeover, abandoned_shop
D:9:      layout_loops_cross, bloody_makhleb, nicolae_tso_swordbearing_angel,
          columned_hall_lemuel, chequers_serial_rivers_room_a, st_stairs_11,
          minivault_1
D:10:     layout_irregular_city, mainiacjoe_overflow_chevrons, uniq_josephine
D:11:     layout_roguey
D:12:     minmay_wizard_corner, layout_rooms, serial_shops,
          nicolae_stop_n_shop_2, serial_bayou, serial_bayou_crossing,
          serial_bayou_lagoon_b, serial_bayou_shore_a, serial_bayou_ford_a,
          serial_bayou_pond_d, serial_bayou_lake_a
D:13:     layout_loops_ring, st_stairs_2, uniq_snorg
D:14:     layout_long_grid, david_vaults_4, palyth_stone_intersect,
          gauntlet_entry_generic, uniq_jorgrun
D:15:     hangedman_depths_entry_try_elsewhere_first, layout_gridville,
          minmay_crystal_room, serial_bayou, serial_bayou_pond_c,
          serial_bayou_lagoon_a, serial_bayou_pond_d, serial_bayou_pond_b,
          serial_bayou_pond_b, serial_bayou_pond_e
Lair:1:   layout_cave_pods, lemuel_fruit_fields
Lair:2:   layout_chaotic_city, spider_nest_entry_funnel_web, serial_bayou_pond_a
Lair:3:   wander_river, layout_cave_pods, palyth_hydra_swamp_entry,
          nicolae_quartered_pool_impasse, lemuel_fruit_fields
Lair:4:   layout_small_grid, basic_altar, grunt_megastairs_1
Lair:5:   guppyfry_lair_end_dragon, layout_cave_pods,
          hangedman_lair_caniforms_friends, nicolae_slime_entry_slimehenge,
          chequers_serial_rivers_room_b, grunt_forest_large_clearings,
          infiniplex_staircase_pool
Swamp:1:  cheibrodos_swamp_tower_of_moss, layout_falls_marsh,
          hangedman_swamp_ruin_wall, uniq_roxanne
Swamp:2:  layout_basic_swamp, nicolae_swamp_little_swirl
Swamp:3:  layout_basic_swamp, evilmike_swamp_ruin_house_4, swamp_pool1,
          nicolae_swamp_super_fun_site
Swamp:4:  swamp_alternative, layout_basic_swamp
Spider:1: layout_spider_delve, nicolae_spider_webs_and_nodes
Spider:2: layout_chambers, nicolae_spider_nook, uniq_louise, uniq_arachne
Spider:3: layout_spider_delve
Spider:4: grunt_spider_rune_parallel
Orc:1:    layout_caves, serial_shops, nicolae_diamond_shop, shop_coins, shop,
          shop, nicolae_orc_tapped_out, uniq_fannar
Orc:2:    st_orc_town, layout_diamond_mine, mines2_david
Elf:1:    layout_loops_cross, hangedman_elven_crosses_minicolossus,
          amcnicky_mini_corridor_feature
Vaults:1: v_misc_10, vaults_mumra_minichess_inversion, vaults_dpeg_spiral,
          vaults_room_fours, v_misc_13, nicolae_vaults_little_squares_6,
          layout_vaults_omnigrid
Vaults:2: ontoclasm_vaults_ligature, nicolae_vaults_alarming, st_greater_box_2,
          ontoclasm_vaults_shuriken, v_misc_14, dpeg_vaults_monster_box,
          nicolae_vaults_little_squares_5, nicolae_vaults_mini_display_case,
          nicolae_vaults_sealed_display, layout_vaults_chaotic_city, uniq_aizul
Vaults:3: minmay_crypt_entry_skeletal_spiral, v_misc_14, vaults_room_semicircle,
          v_pattern_3, v_misc_19, v_misc_25, vaults_room_stairs_pillars,
          hangedman_vaults_nodes, vaults_room_semicircle,
          vaults_standard_mumra_x, vaults_room_corners, vaults_room_semicircle,
          nicolae_vaults_little_squares_2, layout_vaults_omnicross
Vaults:4: vaults_room_semicircle, v_alt_pattern_2, v_misc_4, v_misc_16,
          not_door_vault_due, vaults_room_ringed_pool, vaults_mumra_chevron,
          vaults_mumra_chevron_long, vaults_room_pools, layout_vaults_ring
Vaults:5
Depths:1: layout_gridville, hell_entry, abyss_entry_small_statue_room,
          chequers_serial_rivers_small_a, lemuel_statue_altar,
          kennysheep_small_circle, minmay_shoptagon
Depths:2: minmay_nine_rooms, layout_cave_pools, serial_shops,
          nicolae_shop_stone, hell_entry, hellmonk_ghost_big_iron,
          serial_rivers, chequers_serial_rivers_large_a,
          chequers_serial_rivers_small_a, chequers_serial_rivers_small_b,
          chequers_serial_rivers_large_b, chequers_serial_rivers_micro_a,
          chequers_serial_rivers_room_a, rand_demon_pan_entry_7, abyss_entry,
          doesnt_xom_only_xom
Depths:3: minmay_the_grid_triangle_9x9_rhombus_full_mashed
          [minmay_the_grid_triangle_9x9_windchime,
          minmay_the_grid_triangle_9x9_skeleton,
          minmay_the_grid_triangle_9x9_checkered,
          minmay_the_grid_triangle_9x9_zippers_horizontal,
          minmay_the_grid_triangle_9x9_longest,
          minmay_the_grid_triangle_9x9_negative_grid,
          minmay_the_grid_triangle_9x9_empty,
          minmay_the_grid_triangle_9x9_prize_schism], layout_cross,
          enter_ziggurat_b, marbit_kobold_abyss_entry, serial_sigils,
          serial_sigils_hangedman_gnaw, serial_sigils_hangedman_gut,
          serial_sigils_hangedman_etch, serial_sigils_hangedman_quiver,
          grunt_pan_entry_in_and_out, hell_entry, reono_crystal_passage,
          infiniplex_staircase_river, serial_bayou_shore_b, uniq_vv,
          uniq_parghit
Depths:4: evilmike_zot_entry_diamond, layout_basic, pf_coc_iceberg, pan_entry,
          nicolae_abyss_entry_one_way_or_another, corexii_corridor_pit,
          drop_trap, zin_academy
Zot:1:    layout_gridville
Zot:2:    layout_misc_corridors, grunt_megastairs_3, lemuel_elevator
Zot:3:    ebering_greatest_show_in_zot, layout_cathedral_of_symmetry
Zot:4:    layout_onion_interference
Zot:5:    layout_basic

Skill      XL: |  1  2  3  4  5  6  7  8  9 10 11 12 13 14 15 16 17 18 19 20 21 22 23 24 25 26 27 |
---------------+----------------------------------------------------------------------------------+-----
Dodging        | 2 3 4 5 6 7 9 10 11 12 13 14 15 16 17 18 | 18.7
Fighting       | 4 5 7 8 9 10 12 13 14 15 16 17 18 20 22 25 26 27 | 27.0
Maces & Flails | 4 5 6 7 8 10 11 12 13 14 16 17 18 19 20 | 20.0
Armour         | 3 4 5 6 7 8 10 11 13 14 15 16 17 18 19 20 21 23 | 23.6
Evocations     | 1 2 3 4 5 6 8 9 10 11 12 13 14 15 16 17 18 20 | 20.1

Action                   |  1- 3 |  4- 6 |  7- 9 | 10-12 | 13-15 | 16-18 | 19-21 | 22-24 | 25-27 || total
-------------------------+-------+-------+-------+-------+-------+-------+-------+-------+-------++-------
Melee: Mace              |    93 |   217 |   441 |   102 |       |       |       |       |       ||   853
       Unarmed           |       |    15 |       |       |       |       |       |       |       ||    15
       Punch             |       |     3 |     5 |     7 |    29 |       |       |       |       ||    44
       Demon whip        |       |       |       |   239 |  1300 |       |     9 |       |       ||  1548
       Quarterstaff      |       |       |       |   418 |       |       |       |       |       ||   418
       Great mace        |       |       |       |       |   270 |  1048 |  1100 |   887 |   967 ||  4272
       Headbutt          |       |       |       |       |       |       |       |       |   316 ||   316
Invok: Berserk           |     3 |     3 |    11 |    25 |    27 |    12 |       |     8 |     8 ||    97
       Trog's Hand       |       |       |       |     1 |       |       |       |       |       ||     1
Evoke: Wand              |       |       |       |     1 |     1 |       |       |       |       ||     2
       Box of beasts     |       |       |       |       |       |       |       |       |     1 ||     1
       Condenser vane    |       |       |       |       |       |       |       |       |     1 ||     1
  Use: Scroll            |       |     6 |     3 |    10 |     9 |     6 |     6 |     6 |    10 ||    56
       Potion            |       |     1 |     5 |     1 |     2 |     5 |       |     1 |    10 ||    25
 Stab: Confused          |       |       |       |       |       |     4 |       |       |       ||     4
       Distracted        |       |       |       |       |       |       |     1 |     1 |       ||     2
Armor: Animal skin       |    32 |       |       |       |       |       |       |       |       ||    32
       Plate armour      |     7 |   225 |   331 |   539 |   691 |  1205 |   654 |   287 |       ||  3939
       Skin              |       |     3 |    40 |       |       |       |    52 |       |       ||    95
       Troll leather arm |       |       |       |       |   107 |       |       |       |       ||   107
       Gold dragon scale |       |       |       |       |       |       |       |   467 |  1126 ||  1593
Dodge: Dodged            |    57 |   102 |   195 |   408 |  1054 |  1374 |   922 |   831 |  1153 ||  6096
       Repelled          |       |       |       |       |     5 |       |       |       |       ||     5

Table legend: (Time is in decaauts)
 A = Elapsed time spent in this place.
 B = Non-inter-level travel time spent in this place.
 C = Inter-level travel time spent in this place.
 D = Time resting spent in this place.
 E = Time spent auto-exploring this place.
 F = Levels seen in this place.
 G = Mean time per level.
                   A        B        C        D        E       F      G
               +--------+--------+--------+--------+--------+-----+--------+
         Total |  50819 |  47692 |   3127 |   3039 |  32872 |  58 |  876.2 |
       Dungeon |  15036 |  13798 |   1238 |    431 |  10397 |  15 | 1002.4 |
          Lair |   5272 |   4982 |    290 |      0 |   3962 |   5 | 1054.4 |
         Swamp |   2624 |   2482 |    142 |     62 |   1622 |   4 |  656.0 |
   Spider Nest |   4559 |   4223 |    336 |    523 |   2848 |   4 | 1139.8 |
  Orcish Mines |   2010 |   1898 |    112 |     83 |   1471 |   2 | 1005.0 |
   Elven Halls |    841 |    805 |     36 |      0 |    551 |   1 |  841.0 |
        Vaults |   8822 |   8421 |    401 |   1248 |   5148 |   5 | 1764.4 |
        Depths |   4672 |   4386 |    286 |     94 |   3115 |   4 | 1168.0 |
           Zot |   4778 |   4495 |    283 |    212 |   3116 |   5 |  955.6 |
         Abyss |    127 |    127 |      0 |      0 |      0 |   1 |  127.0 |
      Ziggurat |    981 |    981 |      0 |    360 |    148 |  10 |   98.1 |
         Sewer |    468 |    468 |      0 |      0 |    203 |   1 |  468.0 |
      Gauntlet |    622 |    622 |      0 |     25 |    288 |   1 |  622.0 |
               +--------+--------+--------+--------+--------+-----+--------+

Top non-repeatable levels by time:
Vaults:4: 2721 daAuts
Spider:2: 2154 daAuts
Vaults:1: 1686 daAuts
     D:7: 1649 daAuts
Vaults:5: 1636 daAuts
Vaults:2: 1584 daAuts
   Zot:5: 1494 daAuts
    D:12: 1428 daAuts
Depths:3: 1381 daAuts
     D:9: 1314 daAuts
   Orc:2: 1289 daAuts
    D:11: 1284 daAuts
  Lair:5: 1240 daAuts
Vaults:3: 1194 daAuts
Depths:2: 1181 daAuts
